 Dungeon Crawl Stone Soup version 0.27-a0-898-g810843a28d (webtiles) character file.

Game seed: 8197161118988268109

415 HoaS the Magician (level 6, -17/40 HPs)
             Began as a Djinni Ice Elementalist on Apr 5, 2021.
             Demolished by Crazy Yiuf
             ... wielding a +4 quarterstaff of chaos
              (19 damage)
             ... on level 4 of the Dungeon.
             The game lasted 00:15:21 (5490 turns).

HoaS the Magician (Djinni Ice Elementalist)         Turns: 5490, Time: 00:15:21

Health: -17/40     AC: 10    Str:  7    XL:     6   Next: 92%
Gold:   112        EV: 12    Int: 19    God:
                   SH:  0    Dex: 13

rFire    + + .     SeeInvis .   m - +1 dagger (elec)
rCold    x . .     Faith    .   (no shield)
rNeg     . . .     Spirit   .   a - +0 robe
rPois    ∞         Reflect  .   g - +0 helmet
rElec    .         Harm     .   (no cloak)
rCorr    .         Rampage  .   (no gloves)
Will     .....                  (boots unavailable)
Stlth    ++........             (no amulet)
HPRegen  0.13/turn              (no ring)
MPRegen  0.00/turn              (no ring)

@: mighty, ice-armoured, frozen ramparts, flying
A: fire resistance 2, cold vulnerability 1, float, innate caster, hp casting,
extra vitality 1
a: no special abilities


You were on level 4 of the Dungeon.
You visited 1 branch of the dungeon, and saw 4 of its levels.

You collected 112 gold pieces.

Inventory:

Hand Weapons
 m - a +1 dagger of electrocution (weapon)
Missiles
 h - 74 stones
Armour
 a - a +0 robe (worn)
 b - a +0 leather armour
 g - a +0 helmet (worn)
Scrolls
 e - a scroll of identify
Potions
 c - a potion of might
 d - a potion of lignification
 f - a potion of invisibility
 i - a potion of flight {unknown}
 k - a potion of haste
 l - a potion of attraction
 n - a potion of brilliance


   Skills:
 - Level 2.1 Dodging
 - Level 1.5 Stealth
 + Level 6.9 Spellcasting


You couldn't memorise any spells.
You knew the following spells:

 Your Spells              Type           Power      Damage    Failure   Level
a - Freeze                Ice            100%       1d11      1%          1
b - Frozen Ramparts       Ice            64%        1d8       1%          3
c - Ozocubu's Armour      Ice            32%        N/A       1%          3
d - Hailstorm             Conj/Ice       32%        3d8       6%          4
e - Summon Ice Beast      Ice/Summ       32%        N/A       6%          4
f - Sandblast             Erth           64%        2d14      1%          1
g - Passwall              Tmut/Erth      26%        N/A       1%          2
Your spell library was empty.

Dungeon Overview and Level Annotations

Branches:
Dungeon (4/15)
 Temple: D:4-7

Altars:

Shops:
D:4 ?

Annotations:
D:3 2 transporters, funkygono's ghost, amateur DjFE
D:4 Crazy Yiuf


Innate Abilities, Weirdness & Mutations

You are immune to poison.
Your flesh is very heat resistant. (rF++)
You are vulnerable to cold. (rC-)
You float through the air rather than walking.
You learn spells naturally, not from books.
Your magical power is your life essence.
You have superior vitality. (+4 HP)


Message History

Could not explore, unopened runed door.
Could not explore, unopened runed door.
Could not explore, unopened runed door.
Could not explore, unopened runed door.
Casting: Freeze (safe; 1% risk of failure)
Confirm with . or Enter, or press ? or * to list all spells.
You can't see any susceptible monsters within range! (Use Z to cast anyway.)
You reach down and open the door.
Crazy Yiuf grits, "Fluff!"
Casting: Freeze (safe; 1% risk of failure)
Confirm with . or Enter, or press ? or * to list all spells.
Casting: Frozen Ramparts (safe; 1% risk of failure)
Press: ? - help, Dir - look around, f - activate The walls around you are covered in ice.
The wall freezes Crazy Yiuf.
Crazy Yiuf hits you with a +4 quarterstaff of chaos!
Casting: Frozen Ramparts (safe; 1% risk of failure)
Confirm with . or Enter, or press ? or * to list all spells.
A film of ice covers your body!
The wall freezes Crazy Yiuf.
Crazy Yiuf says, "Announcement!
Candle tea King."
Crazy Yiuf hits you with a +4 quarterstaff of chaos!
* * * LOW HITPOINT WARNING * * *
Casting: Ozocubu's Armour (safe; 1% risk of failure)
Confirm with . or Enter, or press ? or * to list all spells.
Aiming: Freeze (safe; 1% risk of failure)
Press: ? - help, Shift-Dir - straight line, f - Crazy Yiuf
Aim: Crazy Yiuf, wielding a +4 quarterstaff of chaos and wearing a +0 cloak (moderately wounded)
You freeze Crazy Yiuf.
Crazy Yiuf is moderately wounded.
* * * LOW HITPOINT WARNING * * *
The wall freezes Crazy Yiuf.
Crazy Yiuf hits you with a +4 quarterstaff of chaos.
* * * LOW HITPOINT WARNING * * *
The heat melts your icy armour.
You feel very mighty all of a sudden.
The wall freezes Crazy Yiuf.
Crazy Yiuf hits you with a +4 quarterstaff of chaos.
* * * LOW HITPOINT WARNING * * *
You are electrocuted!!
You die...

#.##
##...............##).####..
#.#
#.........##....).>..##.#..
###
##..........................
###...################.......#
##.....# #.#...... #.....##
♣♣♣♣♣#####.###. ###....#
###**♣♣♣.♣............ #.....#
#...#♣..♣............# ###...#
#...g@♣♣♣♣............ #.<..#
#)..#♣♣ ♣♣..........# ##...#
###** ♣♣####).#.## ###.#
#....#... ### #........
#########........
##..#.............
#...#.............
##..).............


You could see Crazy Yiuf.

Vanquished Creatures
  A phantom (D:4)
  A scorpion (D:4)
  A bullfrog skeleton (D:4)
  A centaur skeleton (D:3)
  Jessica (D:2)
  An orc wizard (D:4)
  A hound skeleton (D:4)
  4 gnolls
  An adder (D:2)
  3 worms
  2 dart slugs
  9 orcs
  4 ball pythons
  4 endoplasms
  5 giant cockroaches
  7 goblins
  6 hobgoblins
  15 jackals
  7 kobolds
  4 quokkas
  8 bats
  4 frilled lizards
  8 rats
98 creatures vanquished.

Notes
Turn   | Place    | Note
-------+----------+-------------------------------------------
     0 | D:1      | HoaS the Djinni Ice Elementalist began the quest for the
                  | Orb.
     0 | D:1      | Reached XP level 1. HP: 15/15 MP: 0/0
   233 | D:1      | Reached XP level 2. HP: 14/21 MP: 0/0
   351 | D:1      | Reached skill level 4 in Spellcasting
   627 | D:1      | Reached XP level 3. HP: 16/25 MP: 0/0
   627 | D:1      | Learned a level 1 spell: Sandblast
  2695 | D:2      | Reached XP level 4. HP: 14/31 MP: 0/0
  2917 | D:3      | Reached skill level 5 in Spellcasting
  3371 | D:3      | Reached XP level 5. HP: 34/35 MP: 0/0
  3371 | D:3      | Learned a level 2 spell: Passwall
  3825 | D:2      | Noticed Jessica
  3831 | D:2      | Killed Jessica
  4507 | D:3      | Found a transporter.
  4507 | D:3      | Noticed funkygono's ghost (amateur DjFE)
  4509 | D:3      | Noticed an ogre
  4510 | D:3      | Noticed an ogre
  4512 | D:3      | Found a transporter.
  4640 | D:4      | Found Itol's Magic Scroll Shoppe.
  4684 | D:4      | Reached skill level 6 in Spellcasting
  4684 | D:4      | Reached XP level 6. HP: 30/40 MP: 0/0
  5409 | D:4      | Found a runed translucent door.
  5410 | D:4      | Noticed Crazy Yiuf
  5490 | D:4      | HP: 2/40 [Crazy Yiuf/+4 quarterstaff of chaos (2)]
  5490 | D:4      | Demolished by Crazy Yiuf

Illustrated notes

Levels and vault maps discovered:
D:1:      shiori_arrival_elements, layout_basic, minmay_misc_feat_roman
D:2:      layout_basic, kennysheep_jessica_study
D:3:      layout_basic, gammafunk_ghost_smash, hex_tiny,
          kennysheep_generic_room_2
D:4:      layout_cave_pools, serial_shops, nicolae_shop_crystal,
          saegor_snake_ambush, uniq_crazy_yiuf_cottage

Skill      XL: |  1  2  3  4  5 |
---------------+----------------+-----
Spellcasting   | 4 5 6 |  6.9
Dodging        | |  2.1
Stealth        | |  1.5

Action                   |  1- 3 |  4- 6 || total
-------------------------+-------+-------++-------
Melee: Unarmed           |     3 |       ||     3
       Dagger            |     8 |    32 ||    40
 Cast: Freeze            |    71 |    41 ||   112
       Sandblast         |     1 |    22 ||    23
       Frozen Ramparts   |       |    13 ||    13
       Ozocubu's Armour  |       |     6 ||     6
  Use: Scroll            |     9 |     6 ||    15
       Potion            |       |     2 ||     2
 Stab: Sleeping          |       |     2 ||     2
       Distracted        |       |     1 ||     1
Armor: Robe              |    13 |    13 ||    26
Dodge: Dodged            |    50 |    54 ||   104

Table legend: (Time is in decaauts)
 A = Elapsed time spent in this place.
 B = Non-inter-level travel time spent in this place.
 C = Inter-level travel time spent in this place.
 D = Time resting spent in this place.
 E = Time spent auto-exploring this place.
 F = Levels seen in this place.
 G = Mean time per level.
                   A        B        C        D        E       F      G
               +--------+--------+--------+--------+--------+-----+--------+
         Total |   5497 |   5149 |    348 |   2071 |   2300 |   4 | 1374.2 |
       Dungeon |   5497 |   5149 |    348 |   2071 |   2300 |   4 | 1374.2 |
               +--------+--------+--------+--------+--------+-----+--------+

Top non-repeatable levels by time:
     D:2: 1964 daAuts
     D:1: 1413 daAuts
     D:3: 1261 daAuts
     D:4: 859 daAuts
